Map: Whirlwind LE (Void)

Players

Serral

  • Race: Zerg Zerg
  • League: Grandmaster
  • Spawn Location: 1:00

ShoWTimE - Winner!

  • Race: Protoss Protoss
  • League: Master
  • Spawn Location: 7:00

Event: NationWars IV

VOD

https://www.youtube.com/watch?v=DaFeGlQmH_0&t=25s

Description

Time

  • Played on: Jan. 2, 2017, 12:22 p.m.
  • Length: 15:32

All games in this series

Show
View Real Time Build Order
Export as new Build Order

Serral Zerg 

Build Orders: Hatch First 

Get SALT Encoding   

  12  0:01  Drone  
  13  0:13  Overlord  
  13  0:17  Drone  
  14  0:31  Drone x2  
  14  0:34  Drone  
  17  0:51  Hatchery  
  17  0:54  Drone  
  17  0:57  Drone  
  18  1:08  Extractor  
  17  1:12  Spawning Pool  
  17  1:15  Drone  
  17  1:18  Drone  
  18  1:28  Drone  
  19  1:39  Overlord  
  19  1:59  Queen  
  19  2:00  Zergling x4  
  23  2:03  Drone, Queen  
  23  2:07  Metabolic Boost  
  26  2:11  Drone  
  26  2:15  Drone  
  28  2:22  Drone  
  29  2:25  Drone  
  30  2:32  Drone  
  31  2:39  Hatchery  
  31  2:41  Drone  
  31  2:46  Pneumatized Carapace  
  31  2:50  Drone  
  32  2:53  Overlord  
  32  2:57  Drone  
  33  2:59  Drone  
  35  3:05  Drone  
  35  3:10  Drone  
  36  3:13  Drone x3  
  36  3:15  Overlord  
  36  3:17  Drone  
  36  3:19  Drone  
  41  3:22  Drone  
  41  3:24  Drone  
  43  3:31  Drone  
  44  3:36  Queen  
  44  3:38  Overlord  
  46  3:44  Drone x2  
  46  3:45  Drone x3  
  51  3:53  Spore Crawler  
  50  3:56  Queen  
  50  3:57  Overlord  
  50  4:00  Evolution Chamber  
  50  4:01  Drone x2  
  53  4:04  Spore Crawler  
  53  4:09  Drone x2  
  54  4:12  Drone  
  54  4:13  Drone  
  54  4:15  Drone  
  55  4:19  Spore Crawler  
  55  4:20  Drone  
  55  4:22  Overlord  
  55  4:27  Zerg Melee Weapons Level 1  
  55  4:34  Baneling Nest  
  55  4:38  Queen  
  54  4:39  Drone x2  
  54  4:41  Extractor  
  54  4:45  Drone x3  
  60  4:48  Drone  
  60  4:49  Drone  
  62  4:52  Zergling x2  
  62  4:53  Zergling x6  
  64  5:00  Zergling x8  
  64  5:05  Overlord  
  70  5:15  Zergling x4  
  70  5:16  Zergling x2  
  70  5:18  Overlord  
  70  5:19  Overlord x2  
  70  5:21  Overlord  
  73  5:24  Lair  
  73  5:25  Extractor  
  70  5:29  Drone  
  70  5:30  Roach Warren, Drone x6  
  70  5:34  Overlord  
  70  5:35  Drone x2  
  77  5:45  Zergling x6  
  80  5:52  Zergling x6  
  80  5:54  Baneling x2  
  80  5:56  Zergling x10  
  88  5:59  Baneling x4  
  88  6:01  Overlord  
  88  6:03  Baneling x3  
  87  6:10  Overlord  
  87  6:13  Roach  
  87  6:14  Roach x3  
  92  6:26  Roach x9  
  102  6:41  Zergling x2  
  102  6:42  Zergling x10  
  106  6:50  Drone x2  
  106  6:52  Drone  
  107  6:57  Extractor, Spire  
  107  6:59  Drone x2  
  106  7:11  Drone x2  
  106  7:14  Drone x4  
  112  7:17  Extractor  
  112  7:18  Extractor  
  112  7:22  Drone x2  
  112  7:26  Drone  
  112  7:29  Spine Crawler, Zerg Melee Weapons Level 2  
  109  7:30  Overlord, Drone  
  109  7:32  Drone x4  
  109  7:37  Overlord  
  114  7:39  Zergling x2  
  114  7:40  Overlord  
  115  7:50  Hatchery  
  115  7:51  Drone  
  112  7:54  Zergling x2  
  112  7:55  Zergling x10  
  112  7:58  Overseer  
  118  8:01  Overlord  
  118  8:04  Zergling x12  
  125  8:15  Glial Reconstitution  
  125  8:17  Mutalisk x5  
  125  8:18  Mutalisk  
  137  8:22  Zergling x2  
  133  8:40  Mutalisk x3  
  138  8:42  Drone x8  
  138  8:45  Overlord  
  138  8:46  Overlord  
  145  8:50  Overlord  
  145  8:54  Overlord  
  145  8:56  Hatchery  
  145  8:58  Baneling x4  
  145  9:00  Drone  
  145  9:06  Overlord  
  145  9:08  Baneling x2  
  145  9:09  Baneling x2  
  145  9:11  Overlord  
  145  9:16  Drone x3  
  145  9:17  Zergling x16  
  148  9:20  Queen  
  155  9:25  Baneling x7  
  155  9:26  Baneling x3  
  155  9:27  Ravager x4  
  155  9:28  Zergling x2  
  160  9:32  Extractor  
  160  9:36  Zergling x2  
  160  9:37  Zergling x12  
  166  9:44  Ravager x2  
  166  9:49  Zergling x18  
  175  9:55  Drone x2  
  175  9:56  Extractor, Drone x2  
  178  10:01  Overlord  
  178  10:04  Zergling x6  
  181  10:07  Centrifical Hooks  
  180  10:15  Zergling x18  
  189  10:22  Overlord  
  189  10:24  Overlord  
  189  10:25  Zergling x2  
  189  10:28  Overlord x3  
  189  10:30  Spore Crawler  
  189  10:32  Infestation Pit  
  186  10:36  Baneling  
  186  10:37  Baneling x8  
  186  10:46  Zergling x20  
  196  10:50  Baneling x11  
  196  10:55  Overlord  
  196  11:00  Hatchery  
  184  11:07  Corruptor  
  184  11:08  Corruptor x4  
  170  11:30  Drone x3  
  170  11:31  Drone x2  
  171  11:35  Baneling  
  171  11:36  Baneling x4  
  169  11:42  Drone  
  169  11:43  Corruptor x3  
  174  11:49  Zergling x16  
  174  11:53  Overlord  
  182  11:56  Ravager x6  
  182  11:57  Ravager  
  183  12:08  Overlord  
  183  12:13  Hive  
  183  12:15  Queen  
  179  12:16  Zergling x12  
  179  12:17  Zergling x18  
  190  12:24  Baneling x2  
  190  12:25  Baneling x15  
  190  12:27  Zergling x10  
  190  12:28  Zergling x6  
  198  12:34  Overseer  
  198  12:39  Queen  
  198  12:42  Baneling  
  198  12:43  Baneling x7  
  199  12:53  Overlord x2  
  199  12:59  Spore Crawler  
  199  13:00  Drone  
  199  13:02  Spore Crawler, Spine Crawler  
  199  13:04  Drone x2  
  198  13:07  Drone  
  199  13:14  Drone x2  
  193  13:25  Drone x3  
  191  13:28  Greater Spire  
  191  13:33  Zergling x2  
  191  13:34  Zergling x24  
  195  13:49  Overlord  
  195  13:50  Overlord  
  195  13:52  Drone x2  
  195  13:53  Spore Crawler, Drone  
  178  14:13  Zergling x18  
  178  14:14  Zergling x44  
  194  14:33  Baneling x11  
  194  14:34  Baneling x16  
  194  14:38  Hatchery  
  192  14:45  Baneling  
  192  14:46  Baneling x19  
  192  14:51  Zergling x2  
  192  14:52  Zergling x4  
  195  14:57  Baneling  
  195  14:58  Baneling x3  
  130  15:08  Zergling x14  
Show
View Real Time Build Order
Export as new Build Order

ShoWTimE Protoss - Winner!

Build Orders: 1 Gate Expand, Oracle Opening, Phoenix Opening 

Get SALT Encoding   

  12  0:01  Probe (Chrono Boost)  
  13  0:11  Probe (Chrono Boost)  
  14  0:18  Pylon  
  14  0:22  Probe (Chrono Boost)  
  15  0:36  Probe (Chrono Boost)  
  15  0:39  Gateway  
  16  0:46  Probe (Chrono Boost)  
  17  0:54  Assimilator  
  18  0:57  Probe (Chrono Boost)  
  18  1:07  Probe (Chrono Boost)  
  19  1:21  Nexus  
  19  1:24  Probe (Chrono Boost)  
  20  1:34  Cybernetics Core  
  20  1:37  Probe (Chrono Boost)  
  21  1:42  Assimilator  
  21  1:47  Probe (Chrono Boost)  
  21  1:51  Pylon  
  22  1:58  Probe (Chrono Boost)  
  23  2:07  Adept  
  23  2:11  Probe (Chrono Boost)  
  27  2:23  Stargate, Probe (Chrono Boost)  
  27  2:32  Warp Gate  
  27  2:33  Adept, Probe (Chrono Boost)  
  27  2:35  Probe (Chrono Boost)  
  31  2:43  Probe (Chrono Boost)  
  32  2:47  Probe (Chrono Boost)  
  32  2:49  Pylon  
  33  2:54  Probe (Chrono Boost)  
  35  2:59  Probe (Chrono Boost)  
  35  3:02  Oracle  
  35  3:05  Probe (Chrono Boost)  
  36  3:11  Probe (Chrono Boost)  
  40  3:15  Probe (Chrono Boost)  
  40  3:17  Gateway  
  40  3:19  Adept  
  43  3:23  Probe (Chrono Boost)  
  43  3:26  Probe (Chrono Boost)  
  46  3:35  Probe (Chrono Boost), Phoenix  
  46  3:36  Probe (Chrono Boost)  
  49  3:47  Nexus  
  49  3:50  Probe x2 (Chrono Boost)  
  49  3:54  Pylon  
  51  4:01  Mothership Core (Chrono Boost)  
  51  4:02  Probe (Chrono Boost)  
  54  4:06  Assimilator  
  54  4:14  Probe (Chrono Boost)  
  52  4:19  Twilight Council  
  52  4:20  Probe (Chrono Boost)  
  53  4:25  Robotics Facility  
  53  4:26  Probe (Chrono Boost)  
  53  4:30  Probe (Chrono Boost)  
  55  4:31  Pylon  
  55  4:39  Gateway  
  55  4:40  Gateway  
  55  4:41  Gateway  
  55  4:43  Resonating Glaives  
  55  4:47  Adept  
  57  4:59  Probe (Chrono Boost)  
  59  5:00  Probe (Chrono Boost)  
  59  5:03  Gateway x2  
  59  5:04  Gateway  
  59  5:07  Warp Prism  
  59  5:08  Probe (Chrono Boost)  
  62  5:16  Probe (Chrono Boost)  
  62  5:17  Probe (Chrono Boost)  
  62  5:18  Probe (Chrono Boost)  
  62  5:20  Adept x2  
  69  5:23  Pylon  
  71  5:29  Probe x3 (Chrono Boost)  
  72  5:35  Pylon  
  72  5:39  Probe (Chrono Boost)  
  72  5:41  Probe x2 (Chrono Boost)  
  72  5:42  Adept x2  
  77  5:43  Adept  
  77  5:45  Adept  
  77  5:46  Adept  
  85  5:53  Probe (Chrono Boost)  
  85  5:54  Probe x2 (Chrono Boost)  
  85  5:56  Forge  
  88  6:03  Pylon  
  88  6:07  Probe (Chrono Boost), Assimilator  
  88  6:09  Probe x2 (Chrono Boost)  
  88  6:10  Assimilator  
  91  6:22  Adept x5  
  91  6:23  Adept x3  
  91  6:25  Protoss Ground Weapons Level 1  
  107  6:26  Probe x2 (Chrono Boost)  
  107  6:27  Charge  
  107  6:28  Probe (Chrono Boost)  
  104  6:39  Immortal  
  94  6:44  Assimilator  
  94  6:46  Probe x2 (Chrono Boost)  
  94  6:52  Adept x4  
  92  7:07  Adept x2  
  92  7:08  Adept x2  
  100  7:10  Pylon  
  100  7:12  Stalker x2  
  100  7:13  Stalker x2, Pylon  
  104  7:19  Immortal  
  108  7:25  Photon Cannon  
  108  7:26  Pylon  
  108  7:35  Templar Archives  
  108  7:36  Adept x2  
  108  7:37  Adept x3  
  118  7:46  Pylon  
  118  7:50  Adept x3  
  124  7:53  Pylon  
  124  8:03  Observer  
  125  8:11  Pylon  
  125  8:13  Nexus  
  125  8:15  Pylon, Protoss Shields Level 1  
  125  8:18  High Templar x3  
  125  8:19  Zealot x4, High Templar  
  141  8:23  Archon  
  141  8:24  Archon  
  131  8:41  Zealot x3  
  131  8:47  Immortal  
  141  8:52  Zealot x3  
  141  8:53  Zealot  
  149  8:59  Probe (Chrono Boost)  
  149  9:01  Probe x2 (Chrono Boost)  
  152  9:05  Photon Cannon  
  152  9:10  Phoenix, Zealot x2, High Templar x2  
  152  9:13  Probe (Chrono Boost)  
  152  9:14  Archon  
  155  9:18  Stargate  
  155  9:19  Photon Cannon  
  155  9:23  Photon Cannon  
  155  9:24  Assimilator x2  
  153  9:26  Probe (Chrono Boost)  
  153  9:27  Probe x2 (Chrono Boost)  
  156  9:31  Phoenix  
  154  9:40  Probe (Chrono Boost)  
  154  9:42  Stalker x2  
  154  9:43  Stalker  
  154  9:44  Stalker  
  157  9:53  Phoenix  
  159  10:01  Warp Prism  
  159  10:02  Phoenix  
  163  10:09  Zealot, High Templar x2  
  163  10:10  Zealot x2  
  171  10:14  Archon  
  171  10:15  Phoenix  
  171  10:18  Photon Cannon  
  170  10:23  Phoenix  
  171  10:32  Probe (Chrono Boost)  
  171  10:33  Probe x2 (Chrono Boost)  
  174  10:36  Phoenix  
  176  10:45  High Templar x2  
  176  10:48  Pylon  
  176  10:49  Pylon  
  180  10:50  Archon  
  180  10:57  Phoenix  
  180  10:59  Phoenix  
  161  11:16  Zealot x2, High Templar x2  
  161  11:18  Probe x2 (Chrono Boost)  
  173  11:19  Probe x2 (Chrono Boost)  
  173  11:20  Archon  
  175  11:31  Probe (Chrono Boost)  
  174  11:35  High Templar x2  
  174  11:36  High Templar x2  
  174  11:37  Probe x2 (Chrono Boost)  
  174  11:38  Probe (Chrono Boost)  
  174  11:39  Archon  
  185  11:40  Protoss Ground Weapons Level 2, Archon  
  185  11:46  Zealot x2  
  189  11:57  Stalker x2  
  194  12:08  Probe x4 (Chrono Boost)  
  194  12:14  High Templar x2  
  194  12:18  Archon  
  194  12:19  Probe (Chrono Boost)  
  194  12:20  Probe (Chrono Boost)  
  196  12:26  Pylon  
  196  12:39  Psionic Storm  
  196  12:45  Observer  
  196  12:46  Probe (Chrono Boost)  
  196  12:52  High Templar x2  
  200  12:58  Photon Cannon  
  200  13:09  Photon Cannon  
  200  13:19  Warp Prism  
  194  13:21  High Templar x3  
  186  13:36  High Templar x4  
  186  13:40  Archon x2  
  194  13:49  High Templar  
  196  14:00  Zealot x2  
  186  14:10  Nexus  
  186  14:12  Pylon  
  186  14:15  High Templar  
  186  14:16  Zealot, High Templar x3  
  194  14:22  Photon Cannon  
  194  14:23  Archon x2  
  194  14:26  Photon Cannon  
  194  14:29  Observer  
  194  14:30  Zealot x2  
  195  14:50  Zealot x2  
  199  14:59  Zealot x3  
  141  15:09  Zealot  
  141  15:10  Zealot x2  
  129  15:28  Zealot x4  
  129  15:29  Zealot  
Tags
 
Add a new tag
Caveats
  • Supply blocks, unpowered buildings, or Contaminate may cause inaccurate times.
  • Supply counts are checked every 10 seconds.